 Dungeon Crawl Stone Soup version 0.21-a0-518-g43a1781 (webtiles) character file.

35 Hafrunt the Firebug (level 3, -1/26 HPs)
             Began as a Draconian Fire Elementalist on Dec 4, 2017.
             Slain by a gnoll
             ... wielding a +0 halberd
              (10 damage)
             ... on level 2 of the Dungeon.
             The game lasted 00:06:20 (1458 turns).

Hafrunt the Firebug (Draconian Fire Elementalist)   Turns: 1458, Time: 00:06:20

Health: -1/26      AC:  5    Str: 10    XL:     3   Next: 17%
Magic:  1/6        EV: 12    Int: 16    God:
Gold:   97         SH:  0    Dex: 11    Spells: 1/7 levels left

rFire    . . .     SeeInvis .   b - +0 hunting sling
rCold    . . .     Gourm    .   (no shield)
rNeg     . . .     Faith    .   (armour unavailable)
rPois    .         Spirit   .   (helmet restricted)
rElec    .         Reflect  .   (no cloak)
rCorr    .         Harm     .   (no gloves)
MR       .....     Rnd*Tele +   (no boots)
Stlth    ++........             (no amulet)
HPRegen  0.08/turn              k - ring of teleportation (curse)
MPRegen  0.10/turn              (no ring)

@: no status effects
A: unfitting armour, cold-blooded, AC +5
a: no special abilities


You were on level 2 of the Dungeon.
You were not hungry.

You visited 1 branch of the dungeon, and saw 2 of its levels.

You collected 97 gold pieces.

Inventory:

Hand Weapons
 a - a +0 long sword
 b - a +0 hunting sling (weapon)
Jewellery
 k - a cursed ring of teleportation (left hand)
Scrolls
 c - a scroll of enchant armour {unknown}
 h - a scroll of teleportation {unknown}
 i - a scroll of immolation {unknown}
Potions
 d - 2 potions of heal wounds {unknown}
 e - a potion of haste {unknown}
 f - a potion of lignification {unknown}
 j - a potion of mutation {unknown}
 l - a potion of curing {unknown}
Books
 o - a book of Flames

   Spells                             Type                      Level
   a - Flame Tongue                   Conjuration/Fire             1
   b - Throw Flame                    Conjuration/Fire             2
   c - Conjure Flame                  Conjuration/Fire             3
   d - Inner Flame                    Hexes/Fire                   3
   e - Sticky Flame                   Conjuration/Fire             4
   f - Fireball                       Conjuration/Fire             5
Comestibles
 m - a bread ration


   Skills:
 - Level 1.7 Dodging
 - Level 1.7 Stealth
 + Level 2.5 Spellcasting
 + Level 1.9 Conjurations
 + Level 3.4 Fire Magic


You had one spell level left.
You knew the following spells:

 Your Spells              Type           Power        Failure   Level  Hunger
a - Flame Tongue          Conj/Fire      ##...        6%          1    #......
b - Throw Flame           Conj/Fire      ##....       10%         2    ##.....
x - Conjure Flame         Conj/Fire      ##......     19%         3    ###....


Dungeon Overview and Level Annotations

Branches:
Dungeon (2/15)

Altars:
Yredelemnul
The Shining One


Innate Abilities, Weirdness & Mutations

Your plain brown scales are hard. (AC +5)
You cannot fit into any form of body armour.
You are cold-blooded and may be slowed by cold attacks.


Message History

Aim: a gnoll, wielding a halberd (severely wounded)
You shoot a stone. The stone hits the gnoll.
The gnoll is almost dead.
The gnoll closely misses you.
Firing (i - inventory): No suitable missiles.
Press: ? - help, Shift-Dir - straight line, f/p - gnoll
Aim: a gnoll, wielding a halberd (almost dead)
Okay, then.
Firing (i - inventory): No suitable missiles.
Press: ? - help, Shift-Dir - straight line, f/p - gnoll
Aim: a gnoll, wielding a halberd (almost dead)
Okay, then.
Firing (i - inventory): No suitable missiles.
Press: ? - help, Shift-Dir - straight line, f/p - gnoll
Aim: a gnoll, wielding a halberd (almost dead)
Okay, then.
A dart slug comes into view.
An adder and a kobold come into view.
The gnoll hits you with a halberd!
You die...

#.....<..(#.P.P...
#....g.##...._..##
#(...####...P.P[<.
#.#.## ##........
#g#.# #..##..#g
#.####.#.# #...#...#
#....g#.# #...##
#.####g#.# #. ##..##
#@#.###.... #..##
#.......#.. #....
#.....#.###....###.###
#.S....#.#
#....(...###
#......#.# ..#........
.K........ ........#..
....w...#. #.##.##.#.#
........ .. . #....#..
.####.. ## #.######


You could see 3 gnolls and a dart slug (sleeping).

Vanquished Creatures
  A worm (D:2)
  2 dart slugs (D:1)
  2 leopard geckos (D:1)
  2 giant cockroaches (D:1)
  4 goblins (D:1)
  2 hobgoblins
  A quokka (D:1)
  A bat (D:1)
  A frilled lizard (D:1)
  5 kobolds
  4 rats
25 creatures vanquished.

Notes
Turn   | Place    | Note
-------+----------+-------------------------------------------
     0 | D:1      | Hafrunt the Draconian Fire Elementalist began the quest for the Orb.
     0 | D:1      | Reached XP level 1. HP: 14/14 MP: 3/3
   197 | D:1      | Reached XP level 2. HP: 20/20 MP: 3/5
   201 | D:1      | Learned a level 2 spell: Throw Flame
   822 | D:1      | Found a glowing golden altar of the Shining One.
  1098 | D:2      | Reached XP level 3. HP: 26/26 MP: 4/6
  1103 | D:2      | Learned a level 3 spell: Conjure Flame
  1157 | D:2      | Found a basalt altar of Yredelemnul.
  1458 | D:2      | Slain by a gnoll

Vault maps used:
D:1:      lemuel_arrival_rhombus, minmay_crystal_water, minmay_door_square,
          tso_altar
D:2:      yredelemnul_altar_generic

Action                   || total
-------------------------++-------
 Fire: Hunting sling     ||    17
 Cast: Flame Tongue      ||    41
       Conjure Flame     ||     1
  Eat: Chunk             ||     2
Armor: Skin              ||     2
Dodge: Dodged            ||    25

Table legend:
 A = Spawn XP
 B = Non-spawn XP
 C = Spawn XP percentage of total XP
 D = Spawn monster count
 E = Non-spawn monster count
 F = Spawn count percentage of total count
 G = Total turns spent on level
                    A         B        C        D         E        F      G
               +---------+---------+-------+---------+---------+-------+---------
         Total |       0 |      51 |   0.0 |       0 |      25 |   0.0 |  1458
               +---------+---------+-------+---------+---------+-------+---------
           D:1 |       0 |      41 |   0.0 |       0 |      21 |   0.0 |  1173
           D:2 |       0 |      10 |   0.0 |       0 |       4 |   0.0 |   285
               +---------+---------+-------+---------+---------+-------+---------
